[Event "Titled Tuesday Blitz October 18 Late 2022"]
[White "Kaganskiy, Gleb"]
[Black "Djokic, Mihailo"]
[WhiteFideId "4132025"]
[BlackFideId "976440"]
[WhiteElo "2165"]
[BlackElo "2315"]
[Result "1-0"]
[Round "01"]
[TimeControl "180+1"]
[Date "2022.10.19"]
[WhiteClock "0:00:05"]
[BlackClock "0:00:01"]

1. e4 c5 2. c3 Nf6 3. e5 Nd5 4. d4 cxd4 5. cxd4 d6 6. Nf3 Nc6 7. Bc4 e6 8. O-O Be7 9. Qe2 O-O 10. Nc3 Nxc3 11. bxc3 Bd7 12. Re1 Rc8 13. Bd3 Na5 14. Qe4 g6 15. Bd2 Nc4 16. Bh6 Re8 17. Rac1 Bc6 18. Qg4 dxe5 19. Nxe5 Nxe5 20. Rxe5 Bf6 21. Re3 Bg7 22. Bxg7 Kxg7 23. h4 h5 24. Qg3 Qf6 25. Re5 Red8 26. Rxh5 Rh8 27. Rg5 Rh6 28. h5 Rch8 29. Be2 Kf8 30. Qb8+ Kg7 31. Qe5 Qxe5 32. dxe5 Rd8 33. hxg6 Rxg6 34. Rxg6+ Kxg6 35. Bf3 Bxf3 36. gxf3 Kf5 37. Rb1 b6 38. a4 Rd5 39. c4 Rxe5 40. Rd1 Rc5 41. Rd7 f6 42. Rxa7 Rxc4 43. Rb7 Rb4 44. Kg2 e5 45. Kg3 Ke6 46. Rb8 f5 47. Kg2 Kd6 48. Rf8 f4 49. Rb8 Kc7 50. Ra8 Kb7 51. Re8 Rxa4 52. Rxe5 Kc6 53. Kh3 Rd4 54. Kg4 b5 55. Re1 b4 56. Rc1+ Kb5 57. Rb1 Ka4 58. Ra1+ Kb3 59. Ra8 1-0


[Site "https://www.chess.com"]

[Event "Titled Tuesday Blitz October 18 Late 2022"]
[White "Kamsky, Gata"]
[Black "Yurtseven, Melih"]
[WhiteFideId "2000024"]
[BlackFideId "6312160"]
[WhiteElo "2666"]
[BlackElo "2218"]
[Result "1-0"]
[Round "01"]
[TimeControl "180+1"]
[Date "2022.10.18"]
[WhiteClock "0:01:05"]
[BlackClock "0:00:33"]

1. e4 d6 2. d4 Nf6 3. Bd3 e5 4. c3 g6 5. Nf3 Nc6 6. h3 Bg7 7. O-O O-O 8. Re1 Nd7 9. Bg5 Ne7 10. Nbd2 h6 11. Bh4 g5 12. Bg3 Ng6 13. Nc4 Qe7 14. Ne3 Nb6 15. Nf5 Bxf5 16. exf5 Nf4 17. Bxf4 gxf4 18. Qe2 Rae8 19. f6 Qxf6 20. dxe5 dxe5 21. Qe4 Qg6 22. Qxg6 fxg6 23. Bxg6 Re7 24. Be4 c6 25. Rad1 Na4 26. Rd2 Nc5 27. Rde2 Kf7 28. Bc2 Rfe8 29. Nd2 a5 30. a3 Rd8 31. b4 axb4 32. axb4 Nd3 33. Rb1 e4 34. Nxe4 f3 35. Re3 Ne5 36. gxf3 Ng6 37. Bb3+ Kf8 38. Nc5 Nf4 39. Rxe7 Kxe7 40. Re1+ Kf8 41. Re4 Nxh3+ 42. Kg2 Ng5 43. Rf4+ Ke8 44. Nxb7 Rd3 45. Nc5 Rxc3 46. Ba4 Ke7 47. Bxc6 Be5 48. Rf5 Bd6 49. Bb7 Ne6 50. Ne4 Nf4+ 51. Rxf4 Bxf4 52. Nxc3 Bd2 53. Nd5+ Kd6 54. b5 h5 55. Bc6 Bg5 56. Kg3 Ke5 57. f4+ Kf5 58. fxg5 h4+ 59. Kxh4 Kg6 60. Bd7 1-0


[Site "https://www.chess.com"]

[Event "Titled Tuesday Blitz October 18 Late 2022"]
[White "Kanakaris, Georgios"]
[Black "Schut, Han"]
[WhiteFideId "4209460"]
[BlackFideId "1005561"]
[WhiteElo "2291"]
[BlackElo "2024"]
[Result "1-0"]
[Round "01"]
[TimeControl "180+1"]
[Date "2022.10.19"]
[WhiteClock "0:01:44"]
[BlackClock "0:01:31"]

1. d4 Nf6 2. Nf3 g6 3. g3 Bg7 4. Bg2 O-O 5. O-O d5 6. c4 dxc4 7. Na3 c3 8. bxc3 c5 9. Bb2 cxd4 10. cxd4 Nc6 11. Re1 Bg4 12. h3 Bxf3 13. Bxf3 Qd7 14. Bg2 Rad8 15. e3 Rfe8 16. Nc4 b5 17. Ne5 Nxe5 18. dxe5 Nd5 19. Qb3 e6 20. Red1 Qc7 21. Bxd5 exd5 22. Rxd5 Rxd5 23. Qxd5 Bxe5 24. Qxb5 Bxg3 25. Qxe8# 1-0


[Site "https://www.chess.com"]

[Event "Titled Tuesday Blitz October 18 Late 2022"]
[White "Karas, Marek"]
[Black "Curtis, John"]
[WhiteFideId "14928558"]
[BlackFideId "3200256"]
[WhiteElo "2220"]
[BlackElo "2203"]
[Result "1-0"]
[Round "01"]
[TimeControl "180+1"]
[Date "2022.10.19"]
[WhiteClock "0:00:17"]
[BlackClock "0:00:16"]

1. d4 Nf6 2. Nc3 d5 3. Bf4 c6 4. e3 Bf5 5. f3 e6 6. g4 Bg6 7. h4 h6 8. h5 Bh7 9. Bd3 Bd6 10. Nge2 Qe7 11. Bxh7 Nxh7 12. Qd3 Nd7 13. O-O-O O-O-O 14. e4 Bxf4+ 15. Nxf4 dxe4 16. Nxe4 Nhf6 17. Rhe1 Nxe4 18. Qxe4 Qg5 19. Kb1 Nf6 20. Qe3 Nd5 21. Nxd5 Qxd5 22. Qf4 Rd7 23. c3 Qd6 24. Qxd6 Rxd6 25. Kc2 Rd5 26. f4 Rhd8 27. Rf1 f6 28. Rde1 R5d6 29. Re2 Kd7 30. Rfe1 Re8 31. f5 b5 32. b3 b4 33. fxe6+ Ke7 34. cxb4 Rxd4 35. Re4 Red8 36. R1e2 Rd1 37. Rc4 R1d6 38. b5 Rc8 39. Rxc6 Rdxc6+ 40. bxc6 Rxc6+ 41. Kd3 Rb6 42. Re4 Rb5 43. Ke3 a5 44. Kf4 Rc5 45. Rc4 Rd5 46. Rc7+ Kxe6 47. Rxg7 Rd2 48. a4 Rd4+ 49. Ke3 Rb4 50. Ra7 Rxb3+ 51. Kf2 Rb4 52. Ra6+ Kf7 53. Rxa5 Rxg4 54. Kf3 Rg5 55. Rxg5 hxg5 56. a5 f5 57. a6 1-0


[Site "https://www.chess.com"]

[Event "Titled Tuesday Blitz October 18 Late 2022"]
[White "Khumalo, Keith"]
[Black "Izuzquiza Gonzalez, Javier"]
[WhiteFideId "14319470"]
[BlackFideId "3101029"]
[WhiteElo "2056"]
[BlackElo "2034"]
[Result "1-0"]
[Round "01"]
[TimeControl "180+1"]
[Date "2022.10.19"]
[WhiteClock "0:02:10"]
[BlackClock "0:00:42"]

1. d4 Nf6 2. c4 g6 3. Nc3 d5 4. Bg5 Bg7 5. Bxf6 Bxf6 6. cxd5 c5 7. dxc5 Qa5 8. Qb3 O-O 9. e4 Na6 10. Bxa6 Qxa6 11. Nge2 Bd7 12. O-O Rac8 13. Qb4 Rc7 14. Nc1 Rfc8 15. Nb3 Qd3 16. Rfd1 Qc2 17. Rd2 Bxc3 18. bxc3 a5 19. Qd4 1-0


[Site "https://www.chess.com"]

[Event "Titled Tuesday Blitz October 18 Late 2022"]
[White "Korchmar, Vasiliy"]
[Black "Gonzalez, Francisco Silva"]
[WhiteFideId "24131750"]
[BlackFideId "1512285"]
[WhiteElo "2370"]
[BlackElo "2159"]
[Result "1-0"]
[Round "01"]
[TimeControl "180+1"]
[Date "2022.10.19"]
[WhiteClock "0:00:28"]
[BlackClock "0:00:58"]

1. e4 e5 2. Nf3 Nc6 3. Bc4 Bc5 4. c3 Nf6 5. d3 d6 6. Bg5 h6 7. Bh4 a6 8. Nbd2 g5 9. Bg3 Bg4 10. b4 Bb6 11. a4 Qe7 12. O-O Nh5 13. b5 Nxg3 14. hxg3 Na5 15. Bd5 h5 16. bxa6 Rxa6 17. Rb1 h4 18. gxh4 Rxh4 19. Nxh4 Bxd1 20. Nf5 Qf6 21. Rfxd1 g4 22. Nf1 Qg5 23. d4 f6 24. N1e3 Kd7 25. g3 Ra8 26. Kg2 Rh8 27. Rh1 Rxh1 28. Rxh1 c6 29. Rh7+ Kd8 30. Be6 exd4 31. cxd4 Qg6 32. Rh8+ Qe8 33. Rxe8+ Kxe8 34. Nxg4 Bd8 35. d5 cxd5 36. Bxd5 Kd7 37. Nge3 Bb6 38. Nc4 Nxc4 39. Bxc4 Kc6 40. Bd5+ Kc7 41. f3 Bc5 42. Kf1 Kb6 43. Ke2 Ka5 44. Bxb7 Kxa4 45. Kd3 Kb3 46. Bd5+ Kb4 47. Ne3 Kb5 48. Ng4 f5 49. exf5 Bb6 50. Ke4 Kc5 51. f6 Bd8 52. f7 Be7 53. Ne3 Bf8 54. Nf5 Kb4 55. g4 Kc3 56. g5 Kd2 57. g6 Bh6 58. g7 Bf4 59. Kxf4 Ke2 60. f8=Q Kf2 61. Qe7 Kf1 62. g8=Q 1-0


[Site "https://www.chess.com"]

[Event "Titled Tuesday Blitz October 18 Late 2022"]
[White "Koutlas, Nikolaos"]
[Black "Timmermans, Mark"]
[WhiteFideId "25827138"]
[BlackFideId "1026399"]
[WhiteElo "2167"]
[BlackElo "2460"]
[Result "0-1"]
[Round "01"]
[TimeControl "180+1"]
[Date "2022.10.19"]
[WhiteClock "0:00:01"]
[BlackClock "0:01:52"]

1. c4 Nf6 2. Nc3 e6 3. g3 d5 4. Bg2 Be7 5. d4 O-O 6. Nf3 dxc4 7. O-O Nc6 8. Be3 a6 9. Ne5 Na5 10. Qa4 c6 11. Nxc4 Nxc4 12. Qxc4 Nd5 13. Bd2 Bd7 14. e4 b5 15. Qb3 Nb6 16. Rad1 c5 17. Be3 Nc4 18. Bc1 cxd4 19. Rxd4 Bc5 20. Rd3 Qc7 21. Rfd1 Bc6 22. Bf4 Qb6 23. Qc2 Rac8 24. Kf1 b4 25. Ne2 Bb5 26. Kg1 Bxf2+ 27. Kh1 Ne3 28. Qxc8 Rxc8 29. Bxe3 Bxe3 30. Nf4 Bxd3 0-1


[Site "https://www.chess.com"]

[Event "Titled Tuesday Blitz October 18 Late 2022"]
[White "Kovacevic, Radmila"]
[Black "Ozer, Omer Faruk"]
[WhiteFideId "933171"]
[BlackFideId "6354564"]
[WhiteElo "2208"]
[BlackElo "2260"]
[Result "0-1"]
[Round "01"]
[TimeControl "180+1"]
[Date "2022.10.19"]
[WhiteClock "0:00:04"]
[BlackClock "0:00:12"]

1. e4 c6 2. d4 d5 3. e5 Bf5 4. Be3 e6 5. c3 Ne7 6. Nd2 Nd7 7. b4 Bg6 8. g4 h5 9. f3 f6 10. exf6 gxf6 11. Nh3 hxg4 12. fxg4 e5 13. Bg2 Bg7 14. O-O Qc7 15. Nf3 O-O-O 16. Qa4 Kb8 17. Rf2 Nb6 18. Qb3 Nc4 19. Bc1 Ka8 20. a4 e4 21. Ne1 f5 22. g5 Rxh3 23. Bxh3 e3 24. Rg2 f4 25. Bg4 Rh8 26. Bf3 Nf5 27. Raa2 Nh4 28. b5 Nxg2 29. Rxg2 Nd6 30. Ba3 Ne4 31. Bc1 c5 32. Qxd5 Nxc3 33. Qxc5 Rc8 34. Ba3 Ne4 35. Qb4 Nd2 36. d5 Qc3 37. d6 Qxb4 38. Bxb4 Nxf3+ 39. Nxf3 Rc1+ 40. Ne1 Rd1 41. Rg4 f3 42. Rc4 Bf5 43. Kf1 Bh3+ 44. Kg1 f2+ 45. Kh1 Rxe1+ 46. Bxe1 f1=Q# 0-1


[Site "https://www.chess.com"]

[Event "Titled Tuesday Blitz October 18 Late 2022"]
[White "Kowalysko, Roman"]
[Black "Vusatiuk, Vladimir"]
[WhiteFideId "30918510"]
[BlackFideId "14118610"]
[WhiteElo "2121"]
[BlackElo "2208"]
[Result "0-1"]
[Round "01"]
[TimeControl "180+1"]
[Date "2022.10.19"]
[WhiteClock "0:00:17"]
[BlackClock "0:00:43"]

1. e4 e5 2. Nc3 Nf6 3. Nf3 Nc6 4. Nxe5 Nxe5 5. d4 Nc6 6. d5 Ne5 7. f4 Ng6 8. e5 Bc5 9. exf6 O-O 10. Na4 Re8+ 11. Be2 d6 12. Nxc5 dxc5 13. O-O Qxf6 14. Bf3 Bf5 15. c4 Nh4 16. Qb3 Nxf3+ 17. Qxf3 Qd4+ 18. Qf2 Qxc4 19. Be3 b6 20. b3 Qxd5 21. Rad1 Qc6 22. Rd2 Qg6 23. Rfd1 h5 24. Qh4 Rxe3 25. Rd8+ Re8 26. Rxa8 Rxa8 27. Rd8+ Rxd8 28. Qxd8+ Kh7 29. h4 Be4 30. Qe7 Qxg2# 0-1


[Site "https://www.chess.com"]

[Event "Titled Tuesday Blitz October 18 Late 2022"]
[White "Koziorowicz, Michal"]
[Black "Jean Louis, Marckens"]
[WhiteFideId "21809194"]
[BlackFideId "11900270"]
[WhiteElo "2220"]
[BlackElo "2030"]
[Result "1-0"]
[Round "01"]
[TimeControl "180+1"]
[Date "2022.10.19"]
[WhiteClock "0:00:06"]
[BlackClock "0:00:22"]

1. h4 d5 2. g3 e5 3. Bg2 Be6 4. c4 c6 5. cxd5 Bxd5 6. Nf3 Nf6 7. d3 e4 8. dxe4 Nxe4 9. O-O Bc5 10. Bf4 O-O 11. Nbd2 Qb6 12. Nxe4 Bxe4 13. Qc1 Nd7 14. a3 a5 15. Qc4 Nf6 16. Be5 Bd5 17. Qf4 Ne4 18. e3 Rae8 19. Nd4 f6 20. Bc7 Qxb2 21. Nf5 Nc3 22. Qg4 g6 23. Nd4 Bxg2 24. Kxg2 Bxd4 25. Qxd4 Qb3 26. Bxa5 Qd5+ 27. Qxd5+ Nxd5 28. Rab1 b5 29. Rfc1 Ra8 30. Be1 Rfc8 31. Rb3 Kf7 32. e4 Nb6 33. Bb4 Nc4 34. Rd3 Rd8 35. Rcd1 Rxd3 36. Rxd3 Ra7 37. Rd8 Ke6 38. f4 Rc7 39. Re8+ Kd7 40. Rh8 Ke6 41. h5 c5 42. Bc3 Rb7 43. hxg6 hxg6 44. Rf8 Nxa3 45. Rxf6+ Kd7 46. Rxg6 b4 47. Be5 Nc4 48. Bh8 b3 49. f5 Nd2 50. e5 b2 51. e6+ Kc6 52. e7+ Kd5 53. Bxb2 Rxe7 54. f6 Rf7 55. g4 Ke6 56. g5 Ne4 57. Rg7 c4 58. g6 Rf8 59. f7 Nd6 60. Rg8 Rxf7 61. gxf7 Nxf7 62. Rc8 Kd5 63. Kf3 Ng5+ 64. Ke2 Ne6 65. Kd2 Nc5 66. Kc3 Na4+ 67. Kc2 Nc5 68. Bc3 Ne4 69. Bb4 Kd4 70. Rd8+ Ke5 71. Re8+ Kd5 72. Rd8+ Ke5 73. Bc3+ Ke6 74. Rd4 Nd6 75. Bb4 Nf5 76. Rxc4 Kd5 77. Rc8 Ke4 78. Kb3 Nd4+ 79. Kc4 Ne6 80. Re8 Kf5 81. Bd6 Ng5 82. Kd5 Nf3 83. Rf8+ Kg4 84. Ke4 Ng5+ 85. Ke3 Ne6 86. Rf6 Ng5 87. Bf4 Nh3 88. Rg6+ Kf5 89. Rg8 Ke6 90. Kf3 Kd5 91. Rg3 Ng1+ 92. Rxg1 Ke6 93. Re1+ Kd5 94. Re5+ Kc4 95. Ke4 Kc3 96. Rd5 Kc2 97. Rc5+ Kb3 98. Kd3 Kb4 99. Be3 Ka4 100. Kc3 Ka3 101. Ra5# 1-0


[Site "https://www.chess.com"]

[Event "Titled Tuesday Blitz October 18 Late 2022"]
[White "Krishnan, Varun"]
[Black "Tsyhanchuk, Stanislav"]
[WhiteFideId "5054508"]
[BlackFideId "13505130"]
[WhiteElo "2566"]
[BlackElo "2173"]
[Result "0-1"]
[Round "01"]
[TimeControl "180+1"]
[Date "2022.10.19"]
[WhiteClock "0:00:05"]
[BlackClock "0:00:30"]

1. d4 Nf6 2. c4 Nc6 3. Nf3 e6 4. a3 d6 5. Nc3 g6 6. g3 Bg7 7. Bg2 O-O 8. O-O a6 9. e3 Rb8 10. Nd2 Bd7 11. b4 b5 12. c5 Ne7 13. Bb2 Bc6 14. Nde4 Nxe4 15. Bxe4 Bxe4 16. Nxe4 d5 17. Nc3 c6 18. a4 a5 19. bxa5 b4 20. Nb1 Qxa5 21. Nd2 Qa6 22. Nb3 f6 23. Re1 e5 24. Qe2 Qa7 25. a5 e4 26. a6 f5 27. h4 h6 28. Kg2 Bf6 29. Rh1 Kg7 30. f4 exf3+ 31. Qxf3 h5 32. Nc1 Rfe8 33. Nd3 Ng8 34. Ne5 Re6 35. Qf4 Nh6 36. Nd7 Rbe8 37. Nxf6 Rxf6 38. Ra4 Ng4 39. Re1 Rfe6 40. Rxb4 Qxa6 41. Rb6 Qd3 42. Rb7+ R8e7 43. Rxe7+ Rxe7 44. Bc1 Qc2+ 45. Kf1 Qh2 46. Qf3 Qc2 47. Qf4 Ra7 48. Qf3 Nh2+ 49. Kg1 Nxf3+ 0-1


[Site "https://www.chess.com"]

[Event "Titled Tuesday Blitz October 18 Late 2022"]
[White "Ladan, Nicholas"]
[Black "Zhigalko, Sergei"]
[WhiteFideId "30918855"]
[BlackFideId "13502956"]
[WhiteElo "2167"]
[BlackElo "2662"]
[Result "0-1"]
[Round "01"]
[TimeControl "180+1"]
[Date "2022.10.18"]
[WhiteClock "0:01:20"]
[BlackClock "0:02:00"]

1. d4 Nf6 2. Nc3 d5 3. Bf4 a6 4. e3 e6 5. Bd3 b5 6. Nf3 Bb7 7. O-O c5 8. Re1 c4 9. Bf1 Bb4 10. a3 Ba5 11. Ne5 O-O 12. Qf3 Ne4 13. Rad1 f6 14. Ng4 Nxc3 15. bxc3 Bxc3 16. h4 Bxe1 17. Rxe1 Nd7 18. g3 Qe7 19. h5 e5 0-1


[Site "https://www.chess.com"]

[Event "Titled Tuesday Blitz October 18 Late 2022"]
[White "Leenhouts, Koen"]
[Black "Eljanov, Pavel"]
[WhiteFideId "1008439"]
[BlackFideId "14102951"]
[WhiteElo "2409"]
[BlackElo "2601"]
[Result "0-1"]
[Round "01"]
[TimeControl "180+1"]
[Date "2022.10.18"]
[WhiteClock "0:00:04"]
[BlackClock "0:00:06"]

1. e4 c6 2. d4 d5 3. e5 Bf5 4. Nc3 e6 5. g4 Bg6 6. Nge2 c5 7. h4 h5 8. Nf4 Bh7 9. g5 Ne7 10. Qxh5 Qd7 11. g6 Nxg6 12. Nxg6 fxg6 13. Qg4 Nc6 14. Be3 cxd4 15. Bxd4 O-O-O 16. O-O-O g5 17. Qxg5 Nxd4 18. Rxd4 Bc5 19. Rxd5 Be7 20. Qf4 Qc6 21. Rxd8+ Rxd8 22. Qc4 Qxc4 23. Bxc4 Bf5 24. h5 Rd4 25. Bb3 Bg5+ 26. Kb1 Rd2 27. Rg1 Rxf2 28. Bxe6+ Bxe6 29. Ne4 Rh2 30. Nxg5 Bf5 31. e6 Rxc2 32. Ka1 Re2 33. Rf1 Bg4 34. a3 Bxh5 35. Rf8+ Kc7 36. Rf7+ Kc6 37. Rxg7 Re5 38. Nf7 Re1+ 39. Ka2 Bf3 40. Nd8+ Kb6 41. Kb3 Bd5+ 42. Kc3 Re4 43. Kd3 Re1 44. e7 Kc5 45. Rg5 Kd6 46. Rxd5+ Kxd5 47. Nxb7 Rxe7 48. Na5 Rh7 49. Kc3 Rh4 50. b4 Rh3+ 51. Kb2 a6 52. Nb3 Kc4 53. Na5+ Kb5 54. Nb3 Rh2+ 55. Kc3 Rg2 56. Kd4 Ra2 57. Kc3 Rxa3 58. Kb2 Ra4 59. Kc3 Rxb4 60. Nd4+ Ka4 61. Nc6 Rh4 62. Ne5 a5 63. Nd3 Rh3 64. Kc2 Ka3 65. Nc5 a4 66. Kb1 Rg3 67. Nxa4 Kxa4 0-1


[Site "https://www.chess.com"]

[Event "Titled Tuesday Blitz October 18 Late 2022"]
[White "Leschinsky, Gary"]
[Black "Boyer, Mahel"]
[WhiteFideId "30951321"]
[BlackFideId "45102422"]
[WhiteElo "1855"]
[BlackElo "2454"]
[Result "0-1"]
[Round "01"]
[TimeControl "180+1"]
[Date "2022.10.19"]
[WhiteClock "0:01:51"]
[BlackClock "0:01:42"]

1. d4 g6 2. d5 Nf6 3. c4 Bg7 4. Nc3 O-O 5. e4 d6 6. f3 e6 7. Be3 Re8 8. Qd2 a6 9. a4 a5 10. Bd3 Na6 11. Nge2 Nc5 12. Bc2 exd5 13. cxd5 Nfd7 14. O-O Ne5 15. b3 f5 16. exf5 Bxf5 17. Nd4 Bxc2 18. Qxc2 Nxf3+ 19. Rxf3 Rxe3 20. Rxe3 Bxd4 21. Re1 Qg5 22. Qd2 Nxb3 23. Qd3 Re8 24. Ne4 Qf4 25. g3 Qxe4 0-1


[Site "https://www.chess.com"]

[Event "Titled Tuesday Blitz October 18 Late 2022"]
[White "Luxama, Jacques Muller"]
[Black "Suder, Jakub"]
[WhiteFideId "11900113"]
[BlackFideId "1195310"]
[WhiteElo "1931"]
[BlackElo "2174"]
[Result "1-0"]
[Round "01"]
[TimeControl "180+1"]
[Date "2022.10.19"]
[WhiteClock "0:00:56"]
[BlackClock "0:01:03"]

1. e4 c5 2. Nf3 Nc6 3. d4 cxd4 4. Nxd4 Nf6 5. Nc3 e5 6. Ndb5 d6 7. Nd5 Nxd5 8. exd5 Nb8 9. a4 Be7 10. Be2 O-O 11. O-O f5 12. f4 a6 13. Na3 Nd7 14. Nc4 b6 15. b4 Qc7 16. Be3 Bb7 17. Qd2 Bf6 18. Ra3 b5 19. axb5 axb5 20. Rxa8 Bxa8 21. Na5 Nb6 22. Bxb6 Qxb6+ 23. Kh1 Rc8 24. c4 bxc4 25. Nxc4 Qd8 26. fxe5 dxe5 27. d6 Be4 28. Rd1 Rb8 29. d7 h6 30. Nd6 Bg5 31. Qa2+ Kh8 32. Nf7+ 1-0


[Site "https://www.chess.com"]

[Event "Titled Tuesday Blitz October 18 Late 2022"]
[White "Machidon, Cristi"]
[Black "Gatterer, Florian"]
[WhiteFideId "13904590"]
[BlackFideId "811688"]
[WhiteElo "2312"]
[BlackElo "2218"]
[Result "1-0"]
[Round "01"]
[TimeControl "180+1"]
[Date "2022.10.19"]
[WhiteClock "0:00:13"]
[BlackClock "0:00:11"]

1. d4 c6 2. c4 d5 3. e3 Nf6 4. Nc3 a6 5. Nf3 b5 6. cxd5 cxd5 7. Bd3 Bb7 8. O-O e6 9. a4 b4 10. Nb1 Nbd7 11. a5 Bd6 12. Nbd2 O-O 13. Nb3 Ne4 14. Qe2 f5 15. Bd2 Qe7 16. Rfc1 Rfc8 17. Rxc8+ Bxc8 18. Be1 Bb7 19. Rc1 g5 20. g3 h6 21. Nfd2 Kg7 22. f3 Nef6 23. Rc2 Qd8 24. Kg2 Rc8 25. Qd1 Rxc2 26. Qxc2 Qc8 27. Qb1 g4 28. f4 Ne4 29. Be2 h5 30. Nxe4 dxe4 31. Qc1 Qxc1 32. Nxc1 Nf6 33. Bc4 Kf7 34. Na2 Nd5 35. Kf2 Ke7 36. Ke2 Kd7 37. Bd2 Kc7 38. Kd1 Bc6 39. Kc2 Ba4+ 40. b3 Bb5 41. Bxd5 exd5 42. Bxb4 Bd3+ 43. Kc3 Kc6 44. Bxd6 Kxd6 45. Kb4 Bf1 46. Nc3 Bd3 47. Na4 Be2 48. Nc3 Bd3 49. Ka4 Kc6 50. Na2 Bb5+ 51. Ka3 Bf1 52. Nb4+ Kd6 53. Kb2 Bb5 54. Kc3 Be2 55. Nc2 Kc6 56. Ne1 Kb5 57. Ng2 Kxa5 58. Nh4 Bb5 59. Nxf5 Kb6 60. Ng7 h4 61. gxh4 a5 62. h5 Kc7 63. h6 Kd6 64. h7 Ke7 65. h8=Q Kf6 66. Qh6+ Kf7 67. f5 Bd7 68. Qg6+ Ke7 69. f6+ Kd6 70. f7+ Kc7 71. f8=Q a4 72. Qfd6+ Kb7 73. Qxd7+ Kb8 74. Qge8# 1-0


[Site "https://www.chess.com"]

[Event "Titled Tuesday Blitz October 18 Late 2022"]
[White "Maksimovic, Bojan"]
[Black "Pavlidou, Ekaterini"]
[WhiteFideId "14408120"]
[BlackFideId "4213262"]
[WhiteElo "2447"]
[BlackElo "2125"]
[Result "1-0"]
[Round "01"]
[TimeControl "180+1"]
[Date "2022.10.18"]
[WhiteClock "0:00:08"]
[BlackClock "0:00:28"]

1. e4 c5 2. Nf3 Nc6 3. d4 cxd4 4. Nxd4 e5 5. Nb5 d6 6. N1c3 a6 7. Na3 Be6 8. Nc4 g6 9. Ne3 Bg7 10. Bd3 Nd4 11. O-O Ne7 12. Ncd5 Nxd5 13. Nxd5 Bxd5 14. exd5 Qd7 15. c3 Nf5 16. f4 Ne7 17. Qf3 f5 18. fxe5 dxe5 19. d6 Qxd6 20. Qxb7 Rd8 21. Be2 O-O 22. Be3 f4 23. Bf2 e4 24. Qxe4 Nf5 25. Rfd1 Qb8 26. Qe6+ Kh8 27. Qb3 Qe5 28. Bf3 Ne3 29. Rxd8 Rxd8 30. Re1 h5 31. Qb6 Rd6 32. Qb8+ Kh7 33. c4 Rd2 34. Qxe5 Bxe5 35. g3 g5 36. gxf4 gxf4 37. c5 Rxb2 38. c6 Bc7 39. a4 Kh6 40. h4 a5 41. Re2 Rxe2 42. Bxe2 Nf5 43. Bd3 Nd6 44. Kg2 Kg7 45. Kf3 Nf7 46. Bd4+ Kf8 47. Ke4 Ke7 48. Kd5 Nd6 49. Bc5 f3 50. Bf1 f2 51. Be2 Kd8 52. Bxd6 Bxd6 53. Kxd6 Kc8 54. Ba6+ Kb8 55. c7+ Ka7 56. c8=Q Kb6 57. Qb7# 1-0


[Site "https://www.chess.com"]

[Event "Titled Tuesday Blitz October 18 Late 2022"]
[White "Malka, Samuel"]
[Black "Yeletsky, Ivan"]
[WhiteFideId "20643675"]
[BlackFideId "24180327"]
[WhiteElo "2471"]
[BlackElo "2391"]
[Result "0-1"]
[Round "01"]
[TimeControl "180+1"]
[Date "2022.10.18"]
[WhiteClock "0:00:24"]
[BlackClock "0:00:49"]

1. d4 Nf6 2. c4 g6 3. Nc3 Bg7 4. e4 d6 5. Nf3 O-O 6. Be2 e5 7. O-O exd4 8. Nxd4 Re8 9. f3 Nc6 10. Bg5 h6 11. Bh4 Nxd4 12. Qxd4 g5 13. e5 Nh5 14. Bf2 Nf4 15. Rfe1 Bxe5 16. Qd2 Bf5 17. Rad1 Qf6 18. Nb5 Re7 19. Nd4 Bg6 20. Bf1 Rae8 21. g3 Ne6 22. Kg2 Bxd4 23. Bxd4 Nxd4 24. Rxe7 Qxf3+ 25. Kg1 Rxe7 26. Qxd4 b6 27. Bg2 Qe2 28. Bd5 Be4 29. Rd2 Qe1# 0-1


[Site "https://www.chess.com"]

[Event "Titled Tuesday Blitz October 18 Late 2022"]
[White "Manukyan, Artyom"]
[Black "Rasulov, Vugar"]
[WhiteFideId "13305786"]
[BlackFideId "13402390"]
[WhiteElo "2078"]
[BlackElo "2509"]
[Result "0-1"]
[Round "01"]
[TimeControl "180+1"]
[Date "2022.10.18"]
[WhiteClock "0:00:23"]
[BlackClock "0:02:04"]

1. e4 e5 2. Nf3 Nc6 3. Bb5 a6 4. Bxc6 dxc6 5. O-O Bg4 6. h3 Bxf3 7. Qxf3 Qd7 8. d3 f6 9. Be3 h5 10. Nd2 g5 11. Qg3 O-O-O 12. Rfb1 Nh6 13. b4 h4 14. Qf3 g4 15. hxg4 Nxg4 16. a4 Nxe3 17. Qxe3 Bh6 18. Qe2 Rdg8 19. b5 Bxd2 20. Qxd2 Qh3 21. f3 Qxf3 22. Qf2 Qxf2+ 23. Kxf2 a5 24. bxc6 bxc6 25. Rh1 Rg4 26. Rh2 Kd7 27. Rb1 Rf4+ 28. Ke3 Rg8 29. Rb3 Rg3+ 30. Ke2 c5 31. Rb5 c4 32. Rxa5 cxd3+ 33. cxd3 Rfg4 34. Rd5+ Ke7 35. Kf2 c6 36. Rc5 Rxd3 37. Rxc6 Rd2+ 38. Ke3 Ra2 39. Ra6 Rg3# 0-1


[Site "https://www.chess.com"]

[Event "Titled Tuesday Blitz October 18 Late 2022"]
[White "Marin Ramirez, Gerardo"]
[Black "Obrien, Matthew"]
[WhiteFideId "3901068"]
[BlackFideId "2059150"]
[WhiteElo "2041"]
[BlackElo "2542"]
[Result "0-1"]
[Round "01"]
[TimeControl "180+1"]
[Date "2022.10.19"]
[WhiteClock "0:00:04"]
[BlackClock "0:00:06"]

1. d4 Nf6 2. Nf3 g6 3. c4 Bg7 4. g3 O-O 5. Bg2 d6 6. O-O c6 7. Qc2 Bf5 8. Qb3 Qc8 9. Nc3 Na6 10. e4 Nxe4 11. Nxe4 Bxe4 12. Re1 d5 13. cxd5 cxd5 14. Bg5 e6 15. Rac1 Qd7 16. Ne5 Qd6 17. Bxe4 dxe4 18. Rxe4 f6 19. Nf3 fxg5 20. Rxe6 Qd8 21. Rd6+ Kh8 22. Rxd8 Raxd8 23. Rd1 h6 24. d5 b6 25. d6 Nc5 26. Qd5 Rf5 27. Qc6 Rdf8 28. b4 Ne6 29. Rd3 Kh7 30. d7 Nd8 31. Qe4 R5f7 32. Kg2 Bf6 33. Qa8 Be7 34. Qxa7 g4 35. Nd2 Rxf2+ 36. Kg1 Bxb4 37. Ne4 Bc5 38. Kh1 Rf1+ 39. Kg2 Rg1# 0-1


[Site "https://www.chess.com"]

[Event "Titled Tuesday Blitz October 18 Late 2022"]
[White "Martin Carmona, Gaston Manuel"]
[Black "Kravtsiv, Martyn"]
[WhiteFideId "22284567"]
[BlackFideId "14113147"]
[WhiteElo "2235"]
[BlackElo "2694"]
[Result "0-1"]
[Round "01"]
[TimeControl "180+1"]
[Date "2022.10.18"]
[WhiteClock "0:00:09"]
[BlackClock "0:01:01"]

1. d4 d5 2. c4 e6 3. Nc3 Bb4 4. e3 Nf6 5. Bd3 O-O 6. Nf3 c5 7. O-O Nc6 8. cxd5 exd5 9. a3 Bxc3 10. bxc3 c4 11. Bc2 Re8 12. Nd2 b5 13. Re1 Ng4 14. Nf1 Qh4 15. Qd2 a5 16. f3 Nf6 17. Rb1 Rb8 18. Ng3 Bd7 19. e4 dxe4 20. Nxe4 Nd5 21. Qf2 Qxf2+ 22. Kxf2 b4 23. axb4 axb4 24. Bd2 b3 25. Bd1 Bf5 26. g4 Bg6 27. h4 h6 28. h5 Bh7 29. Be2 Na5 30. Ra1 Bxe4 31. fxe4 Nf6 32. Rxa5 Nxe4+ 33. Ke3 Nxc3+ 34. Kf3 Nxe2 35. Re5 Nxd4+ 36. Kf4 Rxe5 0-1


[Site "https://www.chess.com"]

[Event "Titled Tuesday Blitz October 18 Late 2022"]
[White "Martinez Reyes, Pedro Ramon"]
[Black "Fernandez Siles, Luis"]
[WhiteFideId "3901807"]
[BlackFideId "2209420"]
[WhiteElo "2354"]
[BlackElo "2186"]
[Result "0-1"]
[Round "01"]
[TimeControl "180+1"]
[Date "2022.10.19"]
[WhiteClock "0:00:48"]
[BlackClock "0:00:48"]

1. e4 c5 2. Nf3 Nc6 3. Bb5 g6 4. Bxc6 dxc6 5. Nc3 Bg7 6. d3 Nf6 7. Be3 Nd7 8. h4 h6 9. Qd2 e5 10. a3 a5 11. a4 b6 12. b3 f5 13. exf5 gxf5 14. g3 Qe7 15. O-O-O Ba6 16. Rhe1 O-O-O 17. Bf4 Rde8 18. Re2 Qf6 19. Rde1 e4 20. dxe4 Qxc3 21. Qxc3 Bxc3 22. Rd1 Bxe2 0-1


[Site "https://www.chess.com"]